 Dungeon Crawl Stone Soup version 0.24.0-13-gcf9b319 (webtiles) character file.

Game seed: 5293686877112042096, levelgen mode: deterministic

10594 Bronimir the Tainter (level 11, -7/92 HPs)
             Began as a Naga Venom Mage on Mar 24, 2020.
             Was a Believer of Nemelex Xobeh.
             Mangled by a vault guard
             ... wielding a +0 battleaxe
              (27 damage)
             ... on level 14 of the Dungeon.
             The game lasted 01:03:10 (11726 turns).

Bronimir the Tainter (Naga Venom Mage)             Turns: 11726, Time: 01:03:10

Health: -7/92      AC: 12    Str: 11    XL:     11   Next: 64%
Magic:  17/20      EV: 10    Int: 18    God:    Nemelex Xobeh [**....]
Gold:   484        SH:  0    Dex: 12    Spells: 3/22 levels left

rFire    + . .     SeeInvis +   a - +9 quarterstaff (chaos)
rCold    . . .     Gourm    .   (shield currently unavailable)
rNeg     . . .     Faith    .   y - +3 leather armour {rF+}
rPois    +         Spirit   .   (no helmet)
rElec    .         Reflect  .   (no cloak)
rCorr    .         Harm     .   D - +2 pair of gloves
MR       +....                  (no barding)
Stlth    ++........             A - amulet of rage
HPRegen  0.25/turn              (no ring)
MPRegen  0.17/turn              (no ring)

@: very slow
A: large, see invisible, deformed body, poison resistance, slowness 2, slow
metabolism 1, spit poison 1, AC +3
a: Spit Poison, Draw Escape, Draw Destruction, Draw Summoning, Renounce
Religion, Evoke Berserk Rage


You were on level 14 of the Dungeon.
You worshipped Nemelex Xobeh.
Nemelex Xobeh was pleased with you.
You were not hungry.

You visited 2 branches of the dungeon, and saw 13 of its levels.
You also visited: Sewer.

You collected 484 gold pieces.

Inventory:

Hand Weapons
 a - a +9 quarterstaff of chaos (weapon)
 b - a +0 hunting sling
 q - a +3 vampiric rapier
 v - a cursed -2 quarterstaff
 z - a +0 scythe
Missiles
 i - 95 sling bullets
 m - 79 bolts
 w - 292 stones
 G - 39 poisoned darts (quivered)
 K - 56 arrows
Armour
 l - a +2 robe of magic resistance
 t - the +0 ring mail of the Spheres {rF- Int+6}
   (You found it on level 7 of the Dungeon)

   It affects your intelligence (+6).
   It makes you vulnerable to fire.
 u - a +2 shield
 y - a +3 leather armour of fire resistance (worn)
 D - a +2 pair of gloves (worn)
Magical Staves
 F - an uncursed staff of death
Jewellery
 d - an uncursed ring of magical power {unknown}
 A - an amulet of rage (around neck)
 C - an uncursed amulet of regeneration {unknown}
Wands
 r - a wand of polymorph (8)
 x - a wand of flame (24)
 L - a wand of random effects (17)
Scrolls
 g - 4 scrolls of identify
 h - a scroll of amnesia
 k - 3 scrolls of remove curse
 E - a scroll of enchant armour
 I - a scroll of teleportation
Potions
 e - 6 potions of brilliance
 f - 7 potions of curing
 j - a potion of berserk rage {unknown}
 n - a potion of magic {unknown}
 o - 2 potions of might
 p - 3 potions of agility
 s - a potion of resistance
 B - a potion of lignification {unknown}
 H - 2 potions of heal wounds
Comestibles
 c - 16 rations


   Skills:
 + Level 4.2 Fighting
 + Level 1.5(4.6) Polearms
 + Level 6.8(7.0) Staves
 + Level 2.3(2.4) Slings
 + Level 0.5(1.5) Throwing
 * Level 5.6 Armour
 + Level 3.4 Dodging
 - Level 3.7 Stealth
 + Level 6.0 Spellcasting
 + Level 5.2 Conjurations
 * Level 5.4 Hexes
 * Level 10.6 Poison Magic
 * Level 5.2 Invocations
 + Level 0.9 Evocations


You had 3 spell levels left.
You knew the following spells:

 Your Spells              Type           Power        Failure   Level  Hunger
a - Sting                 Conj/Pois      ####         1%          1    None
b - Poisonous Vapours     Pois/Air       ###...       2%          2    None
c - Mephitic Cloud        Conj/Pois/Air  ###.....     5%          3    ##.....
d - Olgreb's Toxic Radia  Pois           #####...     1%          4    ####...
e - Dazzling Spray        Conj/Hex       ###...       4%          3    ##.....
f - Cause Fear            Hex            ####......   16%         4    ####...
g - Slow                  Hex            ####....     2%          2    None

Your spell library contained the following spells:

 Spells                   Type           Power        Failure   Level  Hunger
 Confusing Touch          Hex            ####..       1%          1    None
 Corona                   Hex            ####...      1%          1    None
 Confuse                  Hex            ####....     4%          3    ##.....
 Tukima's Dance           Hex            ####....     4%          3    ##.....
 Ensorcelled Hibernation  Hex/Ice        ###...       8%          2    None
 Inner Flame              Hex/Fire       ###.....     14%         3    ##.....
 Portal Projectile        Hex/Tloc       ###...       14%         3    ##.....
 Gell's Gravitas          Tloc           #.........   41%         3    ##.....
 Venom Bolt               Conj/Pois      ####......   16%         5    #####..
 Leda's Liquefaction      Hex/Erth       ###.......   43%         4    ####...
 Metabolic Englaciation   Hex/Ice        ###.......   80%         5    #####..
 Yara's Violent Unravell  Hex/Tmut       ###.......   80%         5    #####..
 Petrify                  Tmut/Erth      #.......     83%         4    ####...


Dungeon Overview and Level Annotations

Branches:
Dungeon (12/15)            Temple (1/1) D:6           Sewer (visited)
   Lair: D:8-11         Orc: D:9-12

Altars:
Ashenzari
Dithmenos
Elyvilon
Fedhas
Gozag
Hepliaklqana
Kikubaaqudgha
Makhleb
Nemelex Xobeh
Okawaru
Qazlal
Ru
Sif Muna
Trog
Uskayaw
Vehumet
Wu Jian
Xom
Yredelemnul
Zin

Shops:
D:8 *

Annotations:
D:14 Nessos


Innate Abilities, Weirdness & Mutations

You cannot wear boots.
Your serpentine skin is tough. (AC +3)
You have supernaturally acute eyesight. (SInv)
Armour fits poorly on your strangely shaped body.
Your system is resistant to poisons. (rPois)
You cover ground very slowly.
You have a slow metabolism.
You can spit poison.


Message History

Your centaur shoots an arrow.
The arrow hits the vault guard.
The arrow disappears in a puff of smoke!
The vault guard is engulfed in poison gas.
The vault guard is poisoned.
The vault guard hits you with a +0 battleaxe!
* * * LOW HITPOINT WARNING * * *
You hit the vault guard but do no damage.
The vault guard is almost dead.
Your centaur shoots an arrow.
The arrow closely misses the vault guard.
The arrow disappears in a puff of smoke!
Your centaur shoots an arrow.
The arrow barely misses the vault guard.
The arrow hits you but does no damage.
The arrow disappears in a puff of smoke!
You hit the vault guard.
You feel better.
The vault guard is almost dead.
The vault guard hits you with a +0 battleaxe!!
You die...
Your body glows slightly and disappears.

.......#........ #...###
................ .......
..(>............ ##...
................... .....
............##...$...##..
........c...#....... ##.
.......cc..........)###..
........p........?...(..)
..).....@.........(..((.)
Y.....................)(.
.........................
#####..............$.#...
#...............##.#.
#..........##..##....
#..........#.........
+...................#
#.....<.......>.....#


You could see a vault guard and 3 friendly centaurs.

Vanquished Creatures
  Josephine (D:11)
  A two-headed ogre (D:6)
  2 centaur warriors (D:14)
  The ghost of growler the Chiller, a novice NaIE of Cheibriados (D:7)
  A swamp dragon (D:8)
  Pikel (D:5)
  A deep elf mage (D:12)
  A queen bee (D:8)
  A troll (D:11)
  A meliai zombie (D:14)
  Sigmund (D:2)
  4 wraiths (D:11)
  A shadow (D:11)
  Edmund (D:5)
  A water moccasin (D:8)
  Duvessa (D:7)
  A black bear (D:12)
  A sky beast (D:8)
  5 ice beasts
  2 orc warriors (D:6)
  A slave (D:5)
  A phantom (D:8)
  3 ogres
  A big kobold (Sewer)
  3 bullfrogs
  2 scorpions
  Dowan (D:7)
  22 killer bees
  A howler monkey (D:7)
  8 crimson imps
  A centaur zombie (D:6)
  2 hounds
  A jelly (D:6)
  3 bullfrog skeletons
  5 orc priests
  Crazy Yiuf (D:3)
  Ijyb (D:3)
  3 iguanas
  4 worker ants
  3 orc wizards
  2 killer bee zombies (D:6)
  A hound zombie (D:5)
  A hound skeleton (D:6)
  11 gnolls
  A howler monkey skeleton (D:5)
  6 adders
  3 shadow imps
  3 oozes
  2 adder zombies
  An adder skeleton (D:4)
  3 worms
  2 dart slugs
  3 leopard geckos
  20 orcs
  4 ball pythons (Sewer)
  7 giant cockroaches
  6 hobgoblins
  18 jackals
  4 quokkas
  6 bats
  8 frilled lizards
  7 goblins
  A jackal skeleton (D:7)
  A jackal zombie (D:5)
  17 kobolds
  A leopard gecko skeleton (D:4)
  An orc skeleton (D:11)
  3 orc zombies (D:11)
  4 rats
  A fungus (D:3)
244 creatures vanquished.

Vanquished Creatures (collateral kills)
  2 vault guards (D:14)
  A centaur warrior (D:14)
  A bullfrog (D:14)
  A killer bee (D:8)
  An iguana (D:14)
6 creatures vanquished.

Grand Total: 250 creatures vanquished

Notes
Turn   | Place    | Note
-------+----------+-------------------------------------------
     0 | D:1      | Bronimir the Naga Venom Mage began the quest for the Orb.
     0 | D:1      | Reached XP level 1. HP: 15/15 MP: 3/3
     2 | D:1      | Noticed an elf
     2 | D:1      | Noticed a vampire
     6 | D:1      | Noticed a minotaur
     6 | D:1      | Noticed a formicid
     8 | D:1      | Noticed a ghoul
     8 | D:1      | Noticed a tengu
    10 | D:1      | Noticed a demonspawn
    10 | D:1      | Noticed a human
    12 | D:1      | Noticed a draconian
    12 | D:1      | Noticed an ogre
    14 | D:1      | Noticed a spriggan
    16 | D:1      | Noticed a gargoyle
    16 | D:1      | Noticed a centaur
    18 | D:1      | Noticed an octopode
    20 | D:1      | Noticed a naga
    20 | D:1      | Noticed a merfolk
    22 | D:1      | Noticed a demigod
    22 | D:1      | Noticed a dwarf
    24 | D:1      | Noticed a felid
    24 | D:1      | Noticed a vine stalker
    26 | D:1      | Noticed a halfling
    26 | D:1      | Noticed a troll
   451 | D:1      | Reached XP level 2. HP: 22/22 MP: 5/5
  1117 | D:2      | Found a radiant altar of Vehumet.
  1134 | D:2      | Learned a level 2 spell: Poisonous Vapours
  1333 | D:2      | Reached skill level 1 in Armour
  1333 | D:2      | Reached XP level 3. HP: 19/28 MP: 2/6
  1588 | D:2      | Learned a level 3 spell: Mephitic Cloud
  1823 | D:2      | Noticed Sigmund
  1834 | D:2      | Killed Sigmund
  1834 | D:2      | Reached skill level 1 in Slings
  1834 | D:2      | Reached skill level 5 in Poison Magic
  1834 | D:2      | Reached XP level 4. HP: 37/37 MP: 1/7
  1834 | D:2      | Reached XP level 5. HP: 43/43 MP: 1/8
  2141 | D:3      | Reached XP level 6. HP: 50/50 MP: 4/9
  2689 | D:3      | Noticed Ijyb
  2711 | D:3      | Killed Ijyb
  2711 | D:3      | Reached skill level 1 in Fighting
  2711 | D:3      | Reached skill level 1 in Polearms
  2923 | D:3      | Found a runed translucent door.
  2924 | D:3      | Noticed Crazy Yiuf
  2936 | D:3      | Killed Crazy Yiuf
  3076 | D:4      | Reached XP level 7. HP: 56/57 MP: 3/11
  3580 | D:4      | Found an ancient bone altar of Kikubaaqudgha.
  3705 | D:4      | Reached skill level 1 in Staves
  3819 | D:5      | Entered Level 5 of the Dungeon
  3934 | D:5      | Reached skill level 6 in Poison Magic
  4160 | D:5      | Reached XP level 8. HP: 44/64 MP: 2/12
  4307 | D:5      | Found a glowing drain.
  4321 | Sewer    | Entered a sewer
  5103 | D:5      | Noticed Pikel
  5106 | D:5      | Noticed Edmund
  5117 | D:5      | Killed Pikel
  5117 | D:5      | Reached skill level 7 in Poison Magic
  5175 | D:5      | Killed Edmund
  5946 | D:5      | Learned a level 4 spell: Olgreb's Toxic Radiance
  5950 | D:5      | Learned a level 3 spell: Dazzling Spray
  5963 | D:6      | Noticed a two-headed ogre
  6167 | D:6      | Reached XP level 9. HP: 62/73 MP: 4/15
  6264 | D:6      | Reached skill level 1 in Hexes
  6603 | D:5      | Reached skill level 8 in Poison Magic
  7000 | D:6      | Found a staircase to the Ecumenical Temple.
  7017 | Temple   | Entered the Ecumenical Temple
  7259 | Temple   | Became a worshipper of Nemelex Xobeh the Trickster
  7302 | D:6      | Found a stormy altar of Qazlal.
  7610 | D:6      | Killed a two-headed ogre
  7610 | D:6      | Reached skill level 1 in Invocations
  8301 | D:7      | Received a gift from Nemelex Xobeh
  8320 | D:7      | Learned a level 4 spell: Cause Fear
  8360 | D:7      | Reached XP level 10. HP: 66/82 MP: 8/17
  8365 | D:7      | Reached skill level 9 in Poison Magic
  8381 | D:7      | Noticed Dowan
  8381 | D:7      | Noticed Duvessa
  8391 | D:7      | Killed Dowan
  8402 | D:7      | Killed Duvessa
  8402 | D:7      | Reached skill level 5 in Spellcasting
  8744 | D:7      | Got a polished ring mail
  8764 | D:7      | Identified the cursed +0 ring mail of the Spheres {rF-
                  | Int+6} (You found it on level 7 of the Dungeon)
  8821 | D:7      | Found a runed translucent gate.
  8821 | D:7      | Found a runed translucent gate.
  8822 | D:7      | Found a runed translucent gate.
  8823 | D:7      | Noticed growler's ghost (novice NaIE)
  9002 | D:7      | Reached * piety under Nemelex Xobeh
  9036 | D:7      | Found a shadowy altar of Dithmenos.
  9144 | D:7      | Killed growler's ghost
  9511 | D:8      | Learned a level 2 spell: Slow
  9558 | D:8      | Noticed Harold
  9571 | D:8      | Noticed Harold
  9571 | D:8      | Harold changed into Harold the swamp dragon
  9581 | D:8      | Killed Harold the swamp dragon
  9581 | D:8      | Reached skill level 5 in Staves
 10192 | D:8      | Reached skill level 5 in Conjurations
 10498 | D:8      | Found Zenuimor's Assorted Antiques.
 10639 | D:8      | Found an ornate altar of the Wu Jian Council.
 10744 | D:8      | Reached ** piety under Nemelex Xobeh
 11003 | D:9      | You fall into a shaft and drop 3 floors!
 11029 | D:12     | Received a gift from Nemelex Xobeh
 11215 | D:12     | Noticed a deep elf mage
 11244 | D:12     | Killed a deep elf mage
 11244 | D:12     | Reached skill level 5 in Armour
 11244 | D:12     | Reached XP level 11. HP: 64/91 MP: 8/19
 11371 | D:11     | Received a gift from Nemelex Xobeh
 11391 | D:11     | Reached skill level 10 in Poison Magic
 11411 | D:11     | Reached skill level 5 in Hexes
 11566 | D:11     | Noticed Josephine
 11574 | D:11     | Killed Josephine
 11626 | D:11     | You fall into a shaft and drop 3 floors!
 11638 | D:14     | Noticed a centaur warrior
 11651 | D:14     | Killed a centaur warrior
 11653 | D:14     | Noticed a vault guard
 11654 | D:14     | Noticed a vault guard
 11662 | D:14     | Noticed Nessos
 11670 | D:14     | Received a gift from Nemelex Xobeh
 11671 | D:14     | Noticed a centaur warrior
 11676 | D:14     | Noticed a centaur warrior
 11679 | D:14     | Killed a vault guard
 11679 | D:14     | Reached skill level 5 in Invocations
 11680 | D:14     | Killed a vault guard
 11682 | D:14     | Killed a centaur warrior
 11683 | D:14     | Killed a centaur warrior
 11715 | D:14     | Noticed a vault guard
 11726 | D:14     | Mangled by a vault guard

Levels and vault maps discovered:
D:1:      kb_arrival_jail, layout_loops_corners
D:2:      layout_basic, vehumet_crystals, uniq_sigmund
D:3:      layout_rooms, uniq_crazy_yiuf_cottage, uniq_ijyb
D:4:      layout_loops_cross, nicolae_overflow_hidden_temple, first_ration,
          grunt_tough_drop
D:5:      layout_layer_cave, portal_sewer_entry_d, uniq_edmund, uniq_pikel
D:6:      layout_layer_cave, minmay_temple_entry_mini_moons, basic_altar,
          kb_rosetta
D:7:      layout_rooms, overflow_temple_1_default, ebering_ghost_rock_garden,
          uniq_duvessa
D:8:      layout_loops_corners, marbit_many_paths, serial_shops, shop,
          david_nohive_1, uniq_harold
D:9:      statuecave_lemuel, layout_loops_ring,
          gammafunk_temple_overflow_statue, erik_lair_dragon, enter_bailey_3
D:11:     minmay_the_grid_triangle_9x9_recursive_2
          [minmay_the_grid_triangle_9x9_prize_top_heavy,
          minmay_the_grid_triangle_9x9_shrine,
          minmay_the_grid_triangle_9x9_negative_grid,
          minmay_the_grid_triangle_9x9_descending_squares], layout_long_grid,
          zombieorc2_lemuel, basic_altar, grunt_dithmenos_smoke_and_mirrors,
          uniq_josephine
D:12:     layout_stronghold, serial_column_ruins, column_ruins_square_large,
          column_ruins_corridor_straight, column_ruins_open_small,
          column_ruins_open_small, column_ruins_open_tiny,
          column_ruins_columns_straight, column_ruins_grid_2, drop_trap
D:14:     layout_cave_pools, erik_vaults_2, serial_shops,
          nicolae_shop_behind_doors, lemuel_doored_altar, evilmike_butchery,
          uniq_nessos, uniq_rupert
Temple:   eino_temple_scatter_basement

Skill      XL: |  1  2  3  4  5  6  7  8  9 10 11 |
---------------+----------------------------------+-----
Armour         | 1 2 3 4 5 |  5.6
Slings         | 1 2 |  2.3
Conjurations   | 2 3 4 5 |  5.2
Poison Magic   | 5 6 7 8 9 10 | 10.6
Fighting       | 1 2 3 4 |  4.2
Polearms       | 1 |  1.5
Spellcasting   | 3 4 5 6 |  6.0
Staves         | 1 3 4 5 6 |  6.8
Dodging        | 2 3 |  3.4
Hexes          | 3 4 5 |  5.4
Invocations    | 3 4 5 |  5.2
Throwing       | |  0.5
Stealth        | |  3.7
Evocations     | |  0.9

Action                   |  1- 3 |  4- 6 |  7- 9 | 10-12 || total
-------------------------+-------+-------+-------+-------++-------
Melee: Dagger            |    10 |       |       |       ||    10
       Spear             |    13 |       |       |       ||    13
       Scythe            |       |    48 |       |       ||    48
       Quarterstaff      |       |     8 |   212 |   181 ||   401
 Fire: Hunting sling     |    29 |       |       |     4 ||    33
Throw: Stone             |       |       |     2 |       ||     2
       Dart              |       |       |     3 |     7 ||    10
 Cast: Sting             |    17 |    15 |    39 |    13 ||    84
       Poisonous Vapours |     7 |    15 |    17 |     8 ||    47
       Mephitic Cloud    |     1 |     6 |    40 |    23 ||    70
       Dazzling Spray    |       |       |     9 |     5 ||    14
       Olgreb's Toxic Ra |       |       |     6 |     7 ||    13
       Slow              |       |       |       |     5 ||     5
 Abil: Spit Poison       |     9 |     7 |    17 |    17 ||    50
       Draw Destruction  |       |       |       |    11 ||    11
       Draw Summoning    |       |       |       |     6 ||     6
       Evoke Berserk Rag |       |       |       |     2 ||     2
       Draw Escape       |       |       |       |     2 ||     2
Evoke: Wand              |       |       |       |     2 ||     2
  Use: Scroll            |       |       |    16 |     6 ||    22
       Potion            |       |       |       |     9 ||     9
 Stab: Sleeping          |     4 |     2 |     4 |     1 ||    11
       Petrified         |       |       |     2 |       ||     2
       Confused          |       |       |       |     9 ||     9
       Petrifying        |       |       |       |     2 ||     2
       Invisible         |       |       |       |     1 ||     1
       Distracted        |       |       |       |     2 ||     2
  Eat: Chunk             |     3 |     5 |    14 |     6 ||    28
       Ration            |       |       |     2 |     3 ||     5
Armor: Robe              |     7 |    26 |       |       ||    33
       Leather armour    |       |     4 |   140 |    92 ||   236
Dodge: Dodged            |    10 |    73 |   140 |   141 ||   364
